 Dungeon Crawl Stone Soup version 0.31-a0-1074-g0b22e4e0f1 (webtiles) character file.

Game seed: 15162573919472496464

169 lunkers the Insei (level 6, 0/47 HPs)
             Began as a Meteoran Shapeshifter on Nov 27, 2023.
             Slain by a black bear (4 damage)
             ... on level 4 of the Dungeon.
             The game lasted 00:04:33 (1146 turns).

lunkers the Insei (Meteoran Shapeshifter)           Turns: 1146, Time: 00:04:33

Health: 0/47       AC:  5    Str: 15    XL:     6   Next: 7%
Magic:  7/7        EV: 11    Int: 12    God:
Gold:   120        SH:  0    Dex: 16    Spells: 5/5 levels left

rFire   . .          .
                       - Unarmed
rCold   . . .        (no shield)
rNeg    . . .        b - +0 ring mail
rPois   .            (helmet currently unavailable)
rElec   .            (cloak currently unavailable)
rCorr   .            (gloves currently unavailable)
SInv    .            (boots currently unavailable)
Will    .....        (no amulet)
Stlth   +            (no ring)
HPRegen 0.27/turn    (no ring)
MPRegen 0.10/turn

%: no passive effects
@: beast-form, glowing
A: beast (slay +2), sense surroundings 1, otherworldly, glowing, explore regen
a: Begin Untransformation


You were on level 4 of the Dungeon.
You were a hulking beast.
You visited 1 branch of the dungeon, and saw 4 of its levels.

You collected 120 gold pieces.

Inventory:

Armour
 a - a +0 animal skin
 b - a +0 ring mail (worn)
 l - a +0 helmet
 o - a +0 chain mail
 p - the +0 buckler of Devotion {-Tele Harm Dex+5}
   (You found it on level 3 of the Dungeon)

   Dex+5:     It affects your dexterity (+5).
   -Tele:     It prevents most forms of teleportation.
   Harm:      It increases damage dealt and taken.
Jewellery
 f - a ring of fire
Talismans
 c - a beast talisman
 d - a flux talisman
Scrolls
 j - 2 scrolls of identify {unknown}
 m - a scroll of fog {unknown}
 n - a scroll of poison {unknown}
Potions
 e - 3 potions of curing {unknown}
 g - 2 potions of brilliance {unknown}
 h - a potion of attraction {unknown}
 i - a potion of might {unknown}
 k - a potion of cancellation {unknown}


   Skills:
 - Level 1.1 Fighting
 - Level 2.1 Dodging
 * Level 6.2 Unarmed Combat
 + Level 4.9 Shapeshifting


You had 5 spell levels left.
You didn't know any spells.
Your spell library was empty.

Dungeon Overview and Level Annotations

Branches:
Dungeon (4/15) Zot: 1267
 Temple: D:4-7

Altars:


Innate Abilities, Weirdness & Mutations

You are a hulking beast.
Your limbs bulge with bestial killing power. (Slay +2)
You passively map a small area around you.
You are easily found by Zot.
You glow in the dark.
You regain HP and MP as you explore.


Message History

Okay, then.
You punch the gnoll!
The gnoll is heavily wounded.
The gnoll hits you with a +0 flail!
You hit the gnoll.
The gnoll is almost dead.
You hit the gnoll.
The gnoll is moderately wounded.
You hit the gnoll.
The gnoll is severely wounded.
You hit the black bear but do no damage.
The gnoll hits you with a +0 whip. The black bear bites you.
* * * LOW HITPOINT WARNING * * *
The black bear claws you.
* * * LOW HITPOINT WARNING * * *
The black bear barely misses you.
You punch the gnoll!
You kill the gnoll!
The black bear bites you.
* * * LOW HITPOINT WARNING * * *
The black bear claws you but does no damage.
The black bear claws you.
* * * LOW HITPOINT WARNING * * *
You punch the black bear!
The black bear is moderately wounded.
The black bear bites you.
* * * LOW HITPOINT WARNING * * *
The black bear claws you.
* * * LOW HITPOINT WARNING * * *
The black bear claws you.
* * * LOW HITPOINT WARNING * * *
Okay, then.
Okay, then.
You punch the black bear!
The black bear is severely wounded.
The black bear bites you.
* * * LOW HITPOINT WARNING * * *
The black bear claws you but does no damage.
The black bear claws you.
You die...

,
*..8..#..#...#
+
#.......g#...#
,
#........'...#*
**
#........#...#
,
#....##+##..(#
,
+....#.......#
, ..$.
#...gJ.>#,, ,
~....,#.###h###
, # #.h)..#
#.....# , *
#.....# ,
#.....# _
#.....#* , ~ ,
####... , ....
, +..... * ,


You could see a black bear and an endoplasm.

Vanquished Creatures
  A hound (D:3)
  Terence (D:3)
  4 gnolls
  An adder (D:2)
  2 worms (D:2)
  A dart slug (D:2)
  7 bats
  7 giant cockroaches
  11 goblins
  5 hobgoblins
  2 quokkas
  5 ball pythons
  3 kobolds
  7 rats
57 creatures vanquished.

Notes
Turn   | Place    | Note
-------+----------+-------------------------------------------
     0 | D:1      | lunkers the Meteoran Shapeshifter began the quest for the
                  | Orb.
     0 | D:1      | Reached XP level 1. HP: 16/16 MP: 2/2
    97 | D:1      | Reached skill level 4 in Unarmed Combat
    97 | D:1      | Reached XP level 2. HP: 23/23 MP: 3/3
   504 | D:2      | Reached XP level 3. HP: 22/28 MP: 4/4
   524 | D:2      | Reached XP level 4. HP: 12/35 MP: 5/5
   528 | D:2      | Reached skill level 5 in Unarmed Combat
   765 | D:2      | Reached XP level 5. HP: 40/40 MP: 6/6
   911 | D:3      | Noticed Terence
   921 | D:3      | Killed Terence
   922 | D:3      | Reached skill level 6 in Unarmed Combat
  1101 | D:3      | Reached XP level 6. HP: 44/47 MP: 7/7
  1107 | D:3      | Identified the +0 buckler of Devotion {-Tele Harm Dex+5}
  1131 | D:4      | Noticed a black bear
  1146 | D:4      | Slain by a black bear

Illustrated notes

Levels and vault maps discovered:
D:1:      ldierk_walled_garden, layout_basic
D:2:      layout_loops_ring, nicolae_the_louvre
D:3:      layout_rooms, mainiacjoe_overflow_alcove_4,
          amcnicky_mini_rare_corridor_liquid, uniq_terence
D:4:      layout_gridville, nicolae_overflow_hidden_temple,
          mainiacjoe_overflow_catwalk, lemuel_crystal_altar, slow_altar_2,
          serial_shops, kennysheep_little_box, minivault_24

Skill      XL: |  1  2  3  4  5 |
---------------+----------------+-----
Unarmed Combat | 4 5 6 |  6.2
Shapeshifting  | 4 |  4.9
Fighting       | |  1.1
Dodging        | |  2.1

Action                     |  1- 3 |  4- 6 || total
---------------------------+-------+-------++-------
  Melee: Unarmed           |    40 |    98 ||   138
         Punch             |       |     4 ||     4
    Use: Potion            |       |     1 ||     1
 Armour: Animal skin       |    25 |    20 ||    45
         Skin              |       |    12 ||    12
         Ring mail         |       |    27 ||    27
  Dodge: Dodged            |    18 |    56 ||    74

Table legend: (Time is in decaauts)
 A = Elapsed time spent in this place.
 B = Non-inter-level travel time spent in this place.
 C = Inter-level travel time spent in this place.
 D = Time resting spent in this place.
 E = Time spent auto-exploring this place.
 F = Levels seen in this place.
 G = Mean time per level.
                   A        B        C        D        E       F      G
               +--------+--------+--------+--------+--------+-----+--------+
         Total |   1131 |   1114 |     17 |     23 |    613 |   4 |  282.8 |
       Dungeon |   1131 |   1114 |     17 |     23 |    613 |   4 |  282.8 |
               +--------+--------+--------+--------+--------+-----+--------+

Top non-repeatable levels by time:
     D:1: 479 daAuts
     D:2: 413 daAuts
     D:3: 205 daAuts
     D:4: 33 daAuts
